 Dungeon Crawl Stone Soup version 0.23.2-30-g0e89c35649 (webtiles) character file.

Game seed: 13119504749795105189

39 korky the Ruffian (level 3, -1/32 HPs)
             Began as a Troll Wizard on June 13, 2019.
             Slain by a gnoll
             ... wielding a +0 spear
              (5 damage)
             ... on level 2 of the Dungeon.
             The game lasted 00:01:43 (686 turns).

korky the Ruffian (Troll Wizard)                     Turns: 686, Time: 00:01:44

Health: -1/32      AC:  6    Str: 15    XL:     3   Next: 28%
Magic:  14/14      EV:  9    Int: 15    God:
Gold:   36         SH:  0    Dex:  8    Spells: 3/6 levels left

rFire    . . .     SeeInvis .     - Unarmed
rCold    . . .     Gourm    +   (no shield)
rNeg     . . .     Faith    .   a - +0 robe
rPois    .         Spirit   .   b - +0 hat
rElec    .         Reflect  .   (no cloak)
rCorr    .         Harm     .   (gloves unavailable)
MR       .....                  (boots unavailable)
Stlth    +.........             (no amulet)
HPRegen  0.50/turn              k - ring of magical power
MPRegen  0.14/turn              (no ring)

@: no status effects
A: large, unfitting armour, claws 3, fast metabolism 3, gourmand, regeneration
1, shaggy fur 1, tough skin 3
a: no special abilities


You were on level 2 of the Dungeon.
You were completely stuffed.

You visited 1 branch of the dungeon, and saw 2 of its levels.

You collected 36 gold pieces.

Inventory:

Armour
 a - a +0 robe (worn)
 b - a +0 hat (worn)
Jewellery
 k - a ring of magical power (left claw)
Scrolls
 c - 3 scrolls of remove curse {unknown}
 e - a scroll of identify {unknown}
 g - 3 scrolls of amnesia {unknown}
 h - a scroll of enchant armour {unknown}
Potions
 f - 2 potions of heal wounds {unknown}
 j - 2 potions of degeneration {unknown}
Comestibles
 d - 4 rations
 i - 3 chunks of flesh


   Skills:
 * Level 0.3 Fighting
 - Level 1.5 Dodging
 - Level 1.0 Stealth
 * Level 2.3 Unarmed Combat
 + Level 2.1 Spellcasting
 - Level 0.6 Conjurations
   Level 0.6 Summonings
 * Level 0.9 Translocations


You had 3 spell levels left.
You knew the following spells:

 Your Spells              Type           Power        Failure   Level  Hunger
a - Magic Dart            Conj           #...         17%         1    #......
b - Blink                 Tloc           N/A          22%         2    ###....

Your spell library contained the following spells:

 Spells                   Type           Power        Failure   Level  Hunger
 Call Imp                 Summ           #.......     26%         2    ###....
 Slow                     Hex            #.......     32%         2    ###....
 Conjure Flame            Conj/Fire      #.......     50%         3    ###....
 Mephitic Cloud           Conj/Pois/Air  #.......     52%         3    ###....


Dungeon Overview and Level Annotations

Branches:
Dungeon (2/15)

Altars:


Innate Abilities, Weirdness & Mutations

You are too large for most types of armour.
You have claws for hands.
Your metabolism is lightning-fast.
You like to eat raw meat.
Your natural rate of healing is unusually fast.
You are covered in fur. (AC +1)
You have extremely tough skin. (AC +3)


Message History

The gnoll hits you from afar with a +0 halberd.
You barely miss the gnoll. The gnoll hits you with a +0 spear.
The gnoll closely misses you.
The gnoll hits you from afar with a +0 halberd!
* * * LOW HITPOINT WARNING * * *
You are too injured to fight recklessly!
You are too injured to fight recklessly!
You are too injured to fight recklessly!
You are too injured to fight recklessly!
You are too injured to fight recklessly!
You are too injured to fight recklessly!
You are too injured to fight recklessly!
You are too injured to fight recklessly!
You are too injured to fight recklessly!
You are too injured to fight recklessly!
You are too injured to fight recklessly!
You are too injured to fight recklessly!
You are too injured to fight recklessly!
The gnoll hits you from afar with a +0 spear.
You die...

#.. ..##...#....#.#
. +....#......# ..
####.#....###.
...######........
..........###.###
........### .# #
........# .# ...
........#####)#..#.#
.<......'..@.gg.....
........#####g######
###.....# ...
#.....# #### #.....#
#######


You could see 3 gnolls.

Vanquished Creatures
  A gnoll (D:2)
  A dart slug (D:1)
  A leopard gecko (D:1)
  2 giant cockroaches (D:1)
  5 goblins (D:1)
  2 hobgoblins (D:1)
  2 bats (D:1)
  3 frilled lizards (D:1)
  4 kobolds (D:1)
  6 rats (D:1)
27 creatures vanquished.

Notes
Turn   | Place    | Note
-------+----------+-------------------------------------------
     0 | D:1      | korky the Troll Wizard began the quest for the Orb.
     0 | D:1      | Reached XP level 1. HP: 16/16 MP: 2/2
    56 | D:1      | Reached skill level 1 in Unarmed Combat
   108 | D:1      | Reached XP level 2. HP: 24/24 MP: 4/4
   116 | D:1      | Learned a level 2 spell: Blink
   582 | D:1      | Reached XP level 3. HP: 31/31 MP: 5/5
   686 | D:2      | Slain by a gnoll

Skill      XL: |  1  2 |
---------------+-------+-----
Unarmed Combat | 1 2 |  2.3
Fighting       | |  0.3
Dodging        | |  1.5
Stealth        | |  1.0
Spellcasting   | |  2.1
Conjurations   | |  0.6
Summonings     | |  0.6
Translocations | |  0.9

Action                   || total
-------------------------++-------
Melee: Unarmed           ||    73
       Punch             ||     1
  Eat: Chunk             ||    12
Armor: Robe              ||    29
Dodge: Dodged            ||    27
